 Dungeon Crawl Stone Soup version 0.17-a0-1711-gc5340a3 (webtiles) character file.

18938 urechis the Martial Artist (level 12, -1/114 HPs)
             Began as a Naga Transmuter on Aug 22, 2015.
             Slain by a yak (4 damage)
             ... on level 4 of the Lair of Beasts.
             The game lasted 01:01:37 (17565 turns).

urechis the Martial Artist (Naga Transmuter)       Turns: 17565, Time: 01:01:37

Health: -1/114     AC: 12    Str: 19    XL:     12   Next: 63%
Magic:  21/24      EV: 12    Int: 14    God:
Gold:   1166       SH:  0    Dex: 15    Spells: 4 memorised, 14 levels left

rFire  . . .     SeeInvis +       - Unarmed
rCold  . . .     Clarity  .     s - +2 robe {MR+}
rNeg   . . .     SustAt   .     (shield currently unavailable)
rPois  +         Gourm    .     N - +2 hat
rElec  .         Spirit   .     m - +2 cloak of Kiyngetomp {Slay+3}
rCorr  .         Warding  .     (gloves currently unavailable)
rMut   .         Stasis   .     (no barding)
MR     ++...                    (no amulet)
Stlth  ++........               f - +3 ring of strength
                                Q - +2 ring of strength

@: about to teleport, blade hands, very slow, very resistant to hostile
enchantments, unstealthy
A: see invisible, deformed body, poison resistance, slowness 2, slow metabolism
1, spit poison 2, AC +4
a: Spit Poison, End Transformation


You were on level 4 of the Lair of Beasts.
You were near starving.
You had blades for hands.
You visited 3 branches of the dungeon, and saw 16 of its levels.
You also visited: Bailey.

You collected 1189 gold pieces.
You spent 23 gold pieces at shops.

Inventory:

Missiles
 a - 48 arrows
 A - 7 arrows of flame
 F - 16 arrows of frost
 L - 38 tomahawks of returning (quivered)
 P - 12 arrows of dispersal
Armour
 m - the +2 cloak of Kiyngetomp (worn) {Slay+3}
   (You found it on level 8 of the Dungeon)

   It affects your accuracy and damage with ranged weapons and melee attacks
   (+3).
 p - a +0 pair of gloves (melded)
 s - a +2 robe of magic resistance (worn)
 N - a +2 hat (worn)
Jewellery
 f - a +3 ring of strength (right scythe-like blade)
 t - an uncursed ring of flight
 u - a +3 ring of intelligence
 x - an uncursed ring of protection from magic
 M - an uncursed ring of stealth
 Q - a +2 ring of strength (left scythe-like blade)
Magical devices
 c - a wand of paralysis (15)
 g - a wand of slowing (24)
 o - a wand of confusion (14)
 w - a wand of draining (9)
 y - a wand of frost (32)
 B - a wand of enslavement (15)
 C - a wand of slowing (23)
 H - a wand of digging (7)
 O - a wand of frost (22)
 R - a wand of confusion (37)
 T - a wand of polymorph (13)
 X - a wand of paralysis (7)
Scrolls
 e - a scroll of teleportation
 h - 5 scrolls of remove curse
 i - 6 scrolls of magic mapping
 l - 2 scrolls of blinking
 q - 2 scrolls of fog
 z - 3 scrolls of enchant weapon
 W - a scroll of fear
Potions
 b - 2 potions of agility
 j - 4 potions of might
 k - 2 potions of resistance
 v - a potion of cancellation {unknown}
 D - 4 potions of lignification
 E - 2 potions of mutation
 G - a potion of heal wounds
 J - a potion of flight {unknown}
 K - 2 potions of poison {unknown}
 U - 2 potions of brilliance {unknown}
 V - a potion of berserk rage {unknown}
 Y - a potion of invisibility {unknown}
Comestibles
 d - 13 bread rations
 n - 2 royal jellies
 r - 7 beef jerkies
 I - 9 slices of pizza


   Skills:
 - Level 9.0 Fighting
 * Level 4.7 Dodging
 - Level 12.0 Unarmed Combat
 + Level 8.7 Spellcasting
 - Level 10.0 Transmutations


You had 14 spell levels left.
You knew the following spells:

 Your Spells              Type           Power        Failure   Level  Hunger
a - Blade Hands           Trmt           ####......   41%         5    #####..
b - Sticks to Snakes      Trmt           ####......   12%         2    None
c - Spider Form           Trmt/Pois      ###.......   36%         3    ##.....
d - Ice Form              Ice/Trmt       ###.....     58%         4    ####...


Dungeon Overview and Level Annotations

Branches:
Dungeon (11/15)            Temple (1/1) D:5            Lair (4/8) D:9
  Swamp (0/4) Lair:3
  Snake: Lair:3-6    Spider: Lair:3-6       Orc: D:9-12

Altars:
Ashenzari
Cheibriados
Dithmenos
Elyvilon
Fedhas
Gozag
Kikubaaqudgha
Makhleb
Nemelex Xobeh
Okawaru
Qazlal
Ru
Sif Muna
Trog
Vehumet
Xom
Yredelemnul
Zin
The Shining One

Shops:
D:8 [

Annotations:
D:10 exclusion: obsidian statue
Lair:3 exclusion: hydra


Innate Abilities, Weirdness & Mutations

You cannot wear boots.
Your serpentine skin is tough (AC +4).
You have supernaturally acute eyesight.
Armour fits poorly on your strangely shaped body.
Your system is resistant to poisons.
You cover ground very slowly.
You have a slow metabolism.
You can spit poison.


Message History

The black mamba bites you.
* * * LOW HITPOINT WARNING * * *
The yak closely misses you. The yak gores you.
* * * LOW HITPOINT WARNING * * *
Read which item? (? for menu, Esc to quit)
As you read the scroll of teleportation, it crumbles to dust.
You feel strangely unstable. The black mamba bites you.
* * * LOW HITPOINT WARNING * * *
The yak gores you.
* * * LOW HITPOINT WARNING * * *
The black mamba bites you.
* * * LOW HITPOINT WARNING * * *
You are lethally poisoned!
The black mamba poisons you! The yak gores you but does no damage.
The yak barely misses you.
Drink which item? (? for menu, Esc to quit)
You feel better. The black mamba bites you!
* * * LOW HITPOINT WARNING * * *
The yak gores you.
You die...

#.........P.
........./.
.........#
........##
#........#
#.......#
#YYY...#
#.@..#.##
##S.....##
#†#...+.## #.#
#....>....
.#...'.........
........<.......
###..#..........
##............
###P.........


You could see a black mamba and 3 yaks.

Vanquished Creatures
  The ghost of Pikaro the Destroyer, an experienced DrVM of Vehumet (D:9)
  A griffon (Lair:1)
  An ugly thing (D:11)
  4 elephants (Lair:2)
  A black mamba (Lair:3)
  A centaur zombie (D:10)
  Psyche (D:10)
  4 komodo dragons
  A spiny frog (Lair:2)
  A polar bear (Lair:3)
  Grinder (D:5)
  6 blink frogs
  21 yaks
  A hog (D:7)
  A wyvern (D:9)
  A basilisk (Lair:2)
  A human (D:7)
  2 hungry ghosts
  7 wolves
  6 hippogriffs
  The ghost of hexophile the Prestidigitator, an average SpAr (D:6)
  4 porcupines
  2 black bears
  4 water moccasins
  An ice beast (D:9)
  6 orc warriors
  2 necrophages (D:7)
  A phantom (D:4)
  5 ogres
  2 sky beasts
  2 centaurs
  7 crocodiles
  8 giant frogs
  Blork the orc (D:4)
  A gnoll sergeant (D:9)
  A big kobold (D:8)
  A troll zombie (D:7)
  3 killer bees (D:10)
  4 scorpions
  4 wights (D:7)
  6 crimson imps
  A jelly (D:5)
  16 orc wizards
  A centaur skeleton (D:9)
  4 human zombies (D:7)
  3 orc priests
  6 hounds
  A giant frog skeleton (D:10)
  7 iguanas
  2 hell rats (D:9)
  A gnoll shaman (D:9)
  15 worker ants
  3 sheep (D:7)
  A hound zombie (D:5)
  2 mummies (D:7)
  2 hound skeletons
  17 gnolls
  11 adders
  28 river rats
  An adder zombie (D:5)
  An ooze (D:2)
  2 adder skeletons (D:9)
  A worm (D:3)
  5 giant geckos
  36 orcs
  10 bats
  14 goblins
  13 hobgoblins
  28 kobolds
  3 ball pythons
  10 giant cockroaches
  2 giant gecko skeletons
  4 giant newts
  12 jackals
  2 jackal skeletons
  A jackal zombie (D:5)
  An orc zombie (D:7)
  10 quokkas
  8 rats
414 creatures vanquished.

Vanquished Creatures (others)
  An orc wizard (D:3)
  7 fungi
  A plant (Lair:1)
9 creatures vanquished.

Grand Total: 423 creatures vanquished

Notes
Turn   | Place    | Note
--------------------------------------------------------------
     0 | D:1      | urechis the Naga Transmuter began the quest for the Orb.
     0 | D:1      | Reached XP level 1. HP: 18/18 MP: 3/3
    80 | D:1      | Reached XP level 2. HP: 25/25 MP: 3/5
   231 | D:1      | Learned a level 2 spell: Sticks to Snakes
   408 | D:1      | Reached XP level 3. HP: 22/31 MP: 6/6
  1274 | D:2      | Found a stormy altar of Qazlal.
  1417 | D:2      | Reached skill level 4 in Transmutations
  1624 | D:3      | Noticed a scorpion
  1627 | D:3      | Killed a scorpion
  1627 | D:3      | Reached XP level 4. HP: 38/38 MP: 7/7
  1629 | D:3      | Noticed a sky beast
  1641 | D:3      | Killed a sky beast
  1641 | D:3      | Reached skill level 5 in Transmutations
  1641 | D:3      | Reached XP level 5. HP: 18/44 MP: 6/8
  1990 | D:3      | Found a sparkling altar of Nemelex Xobeh.
  2006 | D:3      | Learned a level 3 spell: Spider Form
  2097 | D:3      | Reached skill level 6 in Transmutations
  2097 | D:3      | Reached XP level 6. HP: 45/51 MP: 7/9
  2102 | D:3      | Noticed an ogre
  2331 | D:3      | Killed an ogre
  3146 | D:3      | Reached skill level 7 in Transmutations
  3712 | D:4      | Reached XP level 7. HP: 42/57 MP: 8/10
  3919 | D:4      | Found a radiant altar of Vehumet.
  4204 | D:4      | Noticed Blork the orc
  4236 | D:4      | Killed Blork the orc
  4236 | D:4      | Reached skill level 8 in Transmutations
  5347 | D:5      | Entered Level 5 of the Dungeon
  5351 | D:5      | Reached skill level 9 in Transmutations
  5351 | D:5      | Reached XP level 8. HP: 64/64 MP: 9/11
  5358 | D:5      | Learned a level 5 spell: Blade Hands
  5379 | D:5      | Noticed Grinder
  5397 | D:5      | Killed Grinder
  5855 | D:5      | Reached skill level 10 in Transmutations
  6471 | D:5      | Found a white marble altar of Elyvilon.
  6843 | D:5      | Found a staircase to the Ecumenical Temple.
  6849 | Temple   | Entered the Ecumenical Temple
  7311 | D:6      | Found an iron altar of Okawaru.
  7315 | D:6      | Found an opulent altar of Gozag.
  7386 | D:6      | Noticed hexophile's ghost (average SpAr)
  7399 | D:6      | Killed hexophile's ghost
  7600 | D:6      | Reached XP level 9. HP: 62/74 MP: 7/13
  7757 | D:6      | Reached skill level 5 in Unarmed Combat
  8092 | D:7      | Found a flagged portal.
  8098 | Bailey   | Entered a bailey
  9648 | D:7      | Found an ancient bone altar of Kikubaaqudgha.
  9788 | D:7      | Reached XP level 10. HP: 57/86 MP: 12/16
 10012 | D:7      | Reached skill level 5 in Fighting
 10506 | D:8      | Reached skill level 5 in Spellcasting
 10694 | D:8      | Found Paroig's Antique Armour Emporium.
 10699 | D:8      | Bought a runed robe for 23 gold pieces
 10787 | D:8      | Got a translucent cloak
 10793 | D:8      | Identified the +2 cloak of Kiyngetomp {Slay+3} (You found it on level 8 of the Dungeon)
 11109 | D:8      | Found a deep blue altar of Sif Muna.
 11767 | D:9      | Noticed Pikaro's ghost (experienced DrVM)
 11856 | D:9      | Found a staircase to the Lair.
 12147 | D:8      | Learned a level 4 spell: Ice Form
 12711 | D:9      | Killed Pikaro's ghost
 12711 | D:9      | Reached skill level 10 in Unarmed Combat
 12711 | D:9      | Reached XP level 11. HP: 76/98 MP: 15/20
 12820 | D:10     | Entered Level 10 of the Dungeon
 13136 | D:10     | Got an ichor-stained robe
 13147 | D:10     | Identified the cursed +1 robe of Salvation {MR+} (You found it on level 10 of the Dungeon)
 13331 | D:10     | Noticed Psyche
 13337 | D:10     | Killed Psyche
 13455 | D:10     | Noticed an obsidian statue
 13649 | Lair:1   | Entered Level 1 of the Lair of Beasts
 13902 | Lair:1   | Reached skill level 11 in Unarmed Combat
 14275 | Lair:1   | HP: 5/103 [wolf (8)]
 14878 | Lair:1   | Reached XP level 12. HP: 97/110 MP: 18/23
 15351 | Lair:2   | Reached skill level 12 in Unarmed Combat
 16442 | Lair:3   | Noticed a seven-headed hydra
 16974 | Lair:3   | Found a staircase to the Swamp.
 17565 | Lair:4   | HP: 3/114 [black mamba (14)]
 17565 | Lair:4   | Slain by a yak

Vault maps used:
D:1:      shiori_arrival_oz
D:2:      nicolae_qazlal_eye_of_the_storm, minmay_misc_feat_chi,
          roderic_roman_lattice
D:3:      nicolae_overflow_crystal_walls, first_bread
D:4:      vehumet_crystals, uniq_blork_the_orc
D:5:      lemuel_coloured_pillars_altar, minmay_temple_entry_glassed_door,
          uniq_grinder
D:6:      okawaru_trees_2, grunt_gozag_breadcrumbs, amalloy_card_club
D:7:      lemuel_mausoleum_altar_kikubaaqudgha, enter_bailey_2, grunt_livestock
D:8:      serial_shops, kennysheep_little_box, led_sif_pool
D:9:      dpeg_lair_monsters
D:10:     minmay_statue_hallways, uniq_psyche
D:11:     zombieorc2_lemuel, lemuel_centaur_altar
Temple:   circular_temple_12
Lair:1:   nicolae_volcano_entry_lava_flow, small_statue_intersection
Lair:3:   minmay_swamp_entry_reptiles
Bailey:   bailey_axe_1, bailey

Action                   |  1- 3 |  4- 6 |  7- 9 | 10-12 || total
-------------------------+-------+-------+-------+-------++-------
Melee: Unarmed           |   117 |   138 |   560 |   578 ||  1393
Throw: Tomahawk          |       |       |     3 |       ||     3
 Cast: Beastly Appendage |     3 |    13 |    17 |     1 ||    34
       Sticks to Snakes  |       |     1 |       |       ||     1
       Spider Form       |       |       |     4 |       ||     4
       Blade Hands       |       |       |    28 |    55 ||    83
       Ice Form          |       |       |       |     1 ||     1
 Abil: Spit Poison       |    16 |    45 |    35 |    12 ||   108
  Use: Potion            |       |       |     5 |     4 ||     9
       Scroll            |       |       |     5 |    16 ||    21
 Stab: Sleeping          |     2 |       |     3 |     5 ||    10
  Eat: Chunk             |     3 |     6 |    24 |    37 ||    70
       Fruit             |       |       |     8 |       ||     8
       Meat ration       |       |       |       |     1 ||     1
